 Dungeon Crawl Stone Soup version 0.25-a0-589-g1e14c549ee (webtiles) character file.

Game seed: 10071703866221121322, levelgen mode: deterministic

65 Lentor the Skirmisher (level 3, -2/30 HPs)
             Began as a Demonspawn Fighter on Mar 9, 2020.
             Killed from afar by Natasha (5 damage)
             ... with a magic dart
             ... on level 2 of the Dungeon.
             The game lasted 00:03:02 (988 turns).

Lentor the Skirmisher (Demonspawn Fighter)           Turns: 988, Time: 00:03:03

Health: -2/30      AC: 12    Str: 17    XL:     3   Next: 92%
Magic:  3/3        EV:  6    Int:  9    God:
Gold:   64         SH: 12    Dex: 12    Spells: 2/2 levels left

rFire    + . .     SeeInvis .   a - +0 war axe
rCold    . . .     Gourm    .   c - +0 kite shield
rNeg     . . .     Faith    .   b - +0 scale mail
rPois    .         Spirit   .   (no helmet)
rElec    .         Reflect  .   (no cloak)
rCorr    .         Harm     .   l - +0 pair of gloves
MR       .....                  (no boots)
Stlth    ..........             (no amulet)
HPRegen  0.10/turn              h - +5 ring of protection
MPRegen  0.08/turn              s - ring of protection from fire

@: mighty, slowed, very slow
A: large bone plates 1
a: no special abilities


You were on level 2 of the Dungeon.
You were hungry.

You visited 1 branch of the dungeon, and saw 2 of its levels.

You collected 64 gold pieces.

Inventory:

Hand Weapons
 a - a +0 war axe (weapon)
Armour
 b - a +0 scale mail (worn)
 c - a +0 kite shield (worn)
 l - a +0 pair of gloves (worn)
Jewellery
 h - a +5 ring of protection (left hand)
 s - a ring of protection from fire (right hand)
Scrolls
 e - a scroll of enchant weapon {unknown}
 g - 2 scrolls of identify {unknown}
 i - a scroll of fear {unknown}
 j - a scroll of random uselessness {unknown}
 k - 2 scrolls of blinking {unknown}
 m - a scroll of remove curse {unknown}
 o - a scroll of magic mapping {unknown}
 p - a scroll of fog {unknown}
Potions
 n - a potion of curing {unknown}
 q - a potion of magic {unknown}
 r - a potion of mutation {unknown}
Comestibles
 f - 2 rations


   Skills:
 + Level 3.6 Fighting
 * Level 3.3 Axes
 - Level 2.6 Armour
 - Level 2.6 Shields


You had 2 spell levels left.
You didn't know any spells.
Your spell library was empty.

Dungeon Overview and Level Annotations

Branches:
Dungeon (2/15)

Altars:
The Shining One

Annotations:
D:2 Natasha


Innate Abilities, Weirdness & Mutations

You are partially covered in large bone plates. (SH +4)


Message History

You block Natasha's attack.
Natasha casts a spell.
You closely miss Natasha.
Natasha is lightly wounded.
You hit the crimson imp.
Natasha stares at you and mumbles some strange words.
The magic dart hits you but does no damage.
The crimson imp hits you but does no damage.
Natasha claws you but does no damage.
The crimson imp hits you but does no damage.
You closely miss Natasha.
Natasha is lightly wounded.
You closely miss the crimson imp.
Natasha stares at you and mumbles some strange words.
The magic dart hits you.
* * * LOW HITPOINT WARNING * * *
The crimson imp hits you but does no damage.
Natasha casts a spell at you. The magic dart hits you.
You die...

...........###....#
....>....### #....#
.........#####....#
..................#
.............######
..............####
.................#
####..###.......5##
.....#...#.....h@.#
######...##.#..##†#
........†#....## .#
..##......†.### ..
.....#...##..# .((
#.....#####..# ...#
....#.......## ...#
....######...###
...#
...#######.#...#
..#


You could see Natasha and a crimson imp.

Vanquished Creatures
  Natasha (D:2)
  An ooze (D:1)
  An adder skeleton (D:2)
  A dart slug (D:1)
  2 leopard geckos (D:1)
  A ball python (D:2)
  6 bats
  A giant cockroach (D:1)
  A goblin (D:1)
  2 hobgoblins
  4 kobolds
  A quokka (D:2)
  3 frilled lizards
  6 rats
31 creatures vanquished.

Notes
Turn   | Place    | Note
-------+----------+-------------------------------------------
     0 | D:1      | Lentor the Demonspawn Fighter began the quest for the Orb.
     0 | D:1      | Reached XP level 1. HP: 18/18 MP: 1/1
   237 | D:1      | Gained mutation: You are partially covered in large bone
                  | plates. (SH +4) [demonic ancestry]
   237 | D:1      | Reached XP level 2. HP: 24/24 MP: 2/2
   497 | D:1      | Found a glowing golden altar of the Shining One.
   762 | D:2      | Reached XP level 3. HP: 28/29 MP: 3/3
   955 | D:2      | Noticed Natasha
   968 | D:2      | Killed Natasha
   973 | D:2      | Noticed Natasha
   988 | D:2      | Killed from afar by Natasha

Levels and vault maps discovered:
D:1:      psy_arrival_statuary, layout_basic, minivault_19, tso_altar
D:2:      layout_rooms, minitemple, first_ration, uniq_natasha, uniq_robin

Skill      XL: |  1  2  3 |
---------------+----------+-----
Axes           | 2 3 |  3.3
Fighting       | |  3.6
Armour         | |  2.6
Shields        | |  2.6

Action                   || total
-------------------------++-------
Melee: War axe           ||   121
  Use: Potion            ||     1
Armor: Scale mail        ||    72
Dodge: Dodged            ||    31
Block: Kite shield       ||   107

Table legend:
 A = Non-vault XP
 B = Vault XP
 C = Vault XP percentage of total XP
 D = Non-vault monster count
 E = Vault monster count
 F = Vault count percentage of total count
                 A         B        C        D         E       F
            +---------+---------+-------+---------+---------+-------
      Total |      58 |      35 |  37.6 |      30 |       1 |   3.2
            +---------+---------+-------+---------+---------+-------
        D:1 |      37 |       0 |   0.0 |      18 |       0 |   0.0
        D:2 |      21 |      35 |  62.5 |      12 |       1 |   7.7
            +---------+---------+-------+---------+---------+-------
